 Dungeon Crawl Stone Soup version 0.28.0-45-g0d030f2227 (webtiles) character file.

Game seed: 15893850656124130752

1018 CryoSword the Insei (level 8, -5/40 HPs)
             Began as a Vine Stalker Transmuter on Apr 23, 2022.
             Succumbed to a hornet's poison
             ... on level 5 of the Dungeon.
             The game lasted 00:06:27 (4798 turns).

CryoSword the Insei (Vine Stalker Transmuter)       Turns: 4798, Time: 00:06:28

Health: -5/40      AC: 14    Str: 14    XL:     8   Next: 22%
Magic:  10/15      EV:  7    Int: 15    God:
Gold:   264        SH:  0    Dex: 14    Spells: 14/15 levels left

rFire   . . .      SeeInvis .     - Unarmed
rCold   . . .      Faith    .   (no shield)
rNeg    . . .      Spirit   +   f - +0 plate armour
rPois   .          Reflect  .   k - +0 helmet
rElec   .          Harm     .   j - +1 cloak
rCorr   .          Rampage  .   (no gloves)
Will    +....                   t - +0 pair of boots
Stlth   ..........              (no amulet)
HPRegen 0.93/turn               c - +4 ring of evasion
MPRegen 0.14/turn               (no ring)

@: lethally poisoned (-5 -> -17), slowed, very slow
A: fangs 3, regeneration 1, magic shield, antimagic bite, no potion heal 2
a: no special abilities


You were on level 5 of the Dungeon.
You visited 1 branch of the dungeon, and saw 5 of its levels.
You also visited: Sewer.

You collected 264 gold pieces.

Inventory:

Missiles
 h - 9 poisoned darts
 s - 6 atropa-tipped darts
Armour
 f - a +0 plate armour (worn)
   (You found it on level 2 of the Dungeon)
 j - a +1 cloak (worn)
   (You took it off Crazy Yiuf on level 2 of the Dungeon)
 k - a +0 helmet (worn)
   (You took it off Robin on level 3 of the Dungeon)
 t - a +0 pair of boots (worn)
   (You found it on level 5 of the Dungeon)
Jewellery
 c - a +4 ring of evasion (left hand)
   (You found it on level 1 of the Dungeon)
Wands
 o - a wand of flame (29)
   (You found it on level 3 of the Dungeon)
Scrolls
 a - a scroll of torment {unknown}
 b - 2 scrolls of noise {unknown}
 d - a scroll of silence {unknown}
 e - 4 scrolls of identify {unknown}
 g - 2 scrolls of enchant weapon {unknown}
 l - a scroll of blinking {unknown}
 m - 2 scrolls of teleportation {unknown}
 q - a scroll of immolation {unknown}
 v - a scroll of acquirement {unknown}
Potions
 i - 2 potions of ambrosia
 n - 2 potions of heal wounds {@q2}
 p - a potion of flight {unknown}
 u - a potion of cancellation {unknown}


   Skills:
 + Level 3.1 Fighting
 - Level 1.5 Dodging
 * Level 7.7 Unarmed Combat
 + Level 4.0 Spellcasting
 - Level 3.8 Transmutations


You had 14 spell levels left.
You knew the following spells:

 Your Spells              Type           Power      Damage    Failure   Level
a - Beastly Appendage     Tmut           28%        N/A       99%         1

Your spell library contained the following spells:

 Spells                   Type           Power      Damage    Failure   Level
 Wereblood                Tmut           14%        N/A       100%        2
 Spider Form              Tmut/Pois      8%         N/A       100%        3
 Ice Form                 Ice/Tmut       8%         N/A       100%        4
 Dispersal                Tloc           1%         N/A       100%        6
 Disjunction              Tloc           1%         N/A       100%        8


Dungeon Overview and Level Annotations

Branches:
Dungeon (5/15)              Sewer (visited)
 Temple: D:4-7

Altars:
Cheibriados
Hepliaklqana
Qazlal
Ru
The Shining One


Innate Abilities, Weirdness & Mutations

You have razor-sharp teeth.
Your natural rate of healing is unusually fast.
When hurt, damage is shared between your health and your magic reserves.
Your bite disrupts and absorbs the magic of your enemies.
Potions cannot restore your health.


Message History

Could not explore, unopened door.
You open the door.
An adder comes into view.
Found 18 sling bullets.
The adder hisses angrily.
There is an open door here.
An adder is nearby!
The adder bites you but does no damage. x2
You hit the adder but do no damage. The adder barely misses you.
You closely miss the adder. The adder bites you but does no damage.
You punch the adder! The adder bites you but does no damage.
You miss the adder. Your bite misses the adder. The adder barely misses you.
You barely miss the adder. You punch the adder. The adder closely misses you.
You punch the adder!
You kill the adder!
No target in view!
There is a fountain of clear blue water here.
There is a fountain of clear blue water here.
Could not explore, unopened door.
Could not explore, unopened door.
You open the door.
There is an open door here.
Key pressed, stopping explore.
You open the door.
A hornet comes into view.
The hornet buzzes angrily.
Found a rapier.
A hornet is nearby!
A hornet is nearby!
You close the door.
There is an open door here.
You open the door.
You hear a distant slurping noise.
There is an open door here.
Found an escape hatch in the ceiling.
A black bear comes into view.
Found a scroll labelled QIRYTHE GESERYRAEH.
The black bear growls angrily.
A black bear is nearby!
You completely miss the black bear.
The black bear bites you but does no damage.
The black bear claws you but does no damage. x2
You punch the black bear! Your bite misses the black bear.
The black bear barely misses you.
The black bear claws you but does no damage. x2
You punch the black bear! You bite the black bear. You drain its power.
The black bear bites you but does no damage.
The black bear barely misses you.
The black bear claws you but does no damage.
You barely miss the black bear.
You punch the black bear, but do no damage.
You punch the black bear!
You kill the black bear!
Your Fighting skill increases to level 3!
Your Spellcasting skill increases to level 4!
No target in view!
A hornet is nearby!
A hornet is nearby!
A hornet is nearby!
Found a scroll labelled ODUAMU QAECWE.
There is an escape hatch in the ceiling here.
A mysterious force pulls you upwards. The hatch slams shut behind you.
There is a stone staircase leading down here.
You climb downwards.
There is a stone staircase leading up here.
You open the door.
There is an open door here.
Could not explore, unopened door.
Could not explore, unopened door.
You open the door.
There is an open door here.
There is an open door here.
There is an open door here.
Found a stone staircase leading down.
n - 3 silvery potions (gained 1)
A jelly comes into view.
The jelly quivers.
There is an open door here.
You barely miss the jelly. Your bite misses the jelly.
The jelly barely misses you.
You hit the jelly.
Your hands burn!
You bite the jelly! You drain its power.
You feel invigorated.
You punch the jelly!
You kill the jelly!
There is an open door here.
There is an open door here.
There is a fountain of clear blue water here.
There is an open door here.
There is an escape hatch in the ceiling here.
g - 2 scrolls labelled QIRYTHE GESERYRAEH (gained 1)
There is an escape hatch in the ceiling here.
You see here a black bear corpse.
e - 4 scrolls labelled ODUAMU QAECWE (gained 1)
You see here a black bear skeleton.
Key pressed, stopping explore.
There is an escape hatch in the ceiling here.
Found a stormy altar of Qazlal.
The hornet buzzes angrily.
Aim: a hornet The mass of ice explodes!
The iceblast engulfs the hornet.
The mass of ice explodes!
The iceblast engulfs the hornet!
The hornet barely misses you. The hornet stings you!
You feel yourself slow down.
The mass of ice explodes!
The iceblast engulfs the hornet!
You feel yourself speed up. The hornet barely misses you.
The hornet stings you.
You suddenly lose the ability to move!
You can move again.
The mass of ice explodes!
The iceblast engulfs the hornet!
The now-empty wand crumbles to dust.
The hornet stings you.
You are poisoned.
You feel yourself slow down.
The hornet stings you but does no damage.
Unknown command.
You miss the hornet.
You feel very sick. The hornet stings you!
You feel as though you will be slow longer.
The hornet stings you!
* * * LOW HITPOINT WARNING * * *
You are more poisoned.
You feel as though you will be slow longer.
Unknown command.
Unknown command.
It was a potion of ambrosia.
You are confused.
Your system rejects the healing.
You feel invigorated.
* * * LOW HITPOINT WARNING * * *
You feel very sick. The hornet stings you.
* * * LOW HITPOINT WARNING * * *
You suddenly lose the ability to move!
The hornet stings you but does no damage.
* * * LOW HITPOINT WARNING * * *
You feel very sick. The hornet barely misses you.
* * * LOW HITPOINT WARNING * * *
You feel very sick. The hornet stings you!
* * * LOW HITPOINT WARNING * * *
You are more poisoned.
You feel as though you will be slow longer.
The hornet stings you but does no damage.
You can move again.
Unknown command.
It was a potion of heal wounds.
That seemed strangely inert.
You feel less invigorated.
You feel less confused.
You die...

#......#...#.....(.÷..#..###
#......#...'##########'..'..
#......#......# #.......#..
#......#......# #.......#+#
#......#......+ #..........
#......#......# #..........
#......÷.###### #..........
#########<....####..........
#..@.............###
#...y............#
#................#
######............
#........... #.......≈≈.≈
#.......§#+## #.......≈§≈≈≈
#.....≈≈§≈≈.8


You could see a hornet.

Vanquished Creatures
  Sigmund (D:2)
  Menkaure (D:5)
  Pargi (Sewer)
  A black bear (D:5)
  A necrophage (D:5)
  2 ogres (D:5)
  A jelly (D:5)
  A hound (D:4)
  Crazy Yiuf (D:2)
  An iguana (D:5)
  Jessica (D:3)
  A hound skeleton (D:2)
  Robin (D:3)
  5 adders
  A white imp (D:4)
  3 worms (D:5)
  3 dart slugs
  7 orcs
  4 bats
  4 endoplasms
  A giant cockroach (D:1)
  17 goblins
  6 hobgoblins
  10 kobolds
  A quokka (D:1)
  A ball python (D:2)
  2 frilled lizards
  A quokka skeleton (D:4)
  3 rats
83 creatures vanquished.

Vanquished Creatures (others)
  2 fungi
  4 plants
6 creatures vanquished.

Grand Total: 89 creatures vanquished

Notes
Turn   | Place    | Note
-------+----------+-------------------------------------------
     0 | D:1      | CryoSword the Vine Stalker Transmuter began the quest for
                  | the Orb.
     0 | D:1      | Reached XP level 1. HP: 9/9 MP: 4/4
   310 | D:1      | Reached XP level 2. HP: 9/14 MP: 3/6
   599 | D:1      | Found a faded altar of an unknown god.
   937 | D:1      | Reached XP level 3. HP: 17/17 MP: 5/7
  1086 | D:2      | Noticed Sigmund
  1367 | D:2      | Killed Sigmund
  1368 | D:2      | Reached skill level 5 in Unarmed Combat
  1368 | D:2      | Gained mutation: Your natural rate of healing is unusually
                  | fast. [Vine Stalker growth]
  1368 | D:2      | Reached XP level 4. HP: 14/21 MP: 6/8
  1368 | D:2      | Reached XP level 5. HP: 16/25 MP: 6/9
  2285 | D:2      | Found a runed translucent door.
  2286 | D:2      | Noticed Crazy Yiuf
  2293 | D:2      | Killed Crazy Yiuf
  2294 | D:2      | Reached XP level 6. HP: 23/29 MP: 7/10
  2454 | D:3      | Noticed Robin
  2480 | D:3      | Killed Robin
  2576 | D:3      | Found a snail-covered altar of Cheibriados.
  2642 | D:3      | Reached skill level 1 in Fighting
  2651 | D:3      | Noticed Jessica
  2660 | D:3      | Killed Jessica
  2783 | D:3      | Reached skill level 6 in Unarmed Combat
  2912 | D:3      | Found a glowing golden altar of the Shining One.
  3654 | D:4      | Found a sacrificial altar of Ru.
  3777 | D:5      | Entered Level 5 of the Dungeon
  3788 | D:5      | Reached XP level 7. HP: 34/34 MP: 10/12
  3862 | D:5      | Found a hazy altar of Hepliaklqana.
  4179 | D:5      | Found a glowing drain.
  4220 | Sewer    | Entered a sewer
  4255 | Sewer    | Noticed Pargi
  4269 | Sewer    | Killed Pargi
  4270 | Sewer    | Reached skill level 7 in Unarmed Combat
  4403 | D:5      | Noticed Menkaure
  4409 | D:5      | Killed Menkaure
  4410 | D:5      | Gained mutation: You have razor-sharp teeth. [Vine Stalker
                  | growth]
  4410 | D:5      | Reached XP level 8. HP: 23/39 MP: 9/14
  4531 | D:5      | Noticed a hornet
  4781 | D:5      | Found a stormy altar of Qazlal.
  4792 | D:5      | Paralysed by a hornet for 1 turns
  4795 | D:5      | Paralysed by a hornet for 3 turns
  4797 | D:5      | HP: 1/40 [hornet (2)]
  4798 | D:5      | Succumbed to a hornet's poison

Illustrated notes

Levels and vault maps discovered:
D:1:      dpeg_arrival_refuge, layout_basic, hellmonk_ecumenical_altar_run_dry
D:2:      layout_basic, minmay_tree_intersection, due_unseen_surprise,
          uniq_sigmund, uniq_crazy_yiuf_cottage
D:3:      layout_basic, tso_oasis_becter, mainiacjoe_overflow_boulevard,
          fountainhead, minivault_23, minmay_quadrilaterals, uniq_jessica,
          uniq_robin
D:4:      layout_basic, nicolae_ru_path_of_blood, minmay_misc_feat_nine_boxes
D:5:      layout_gridville, mainiacjoe_overflow_six_doors_small,
          nicolae_qazlal_general_emergency, cheibrodos_sewer_entry_bend,
          kennysheep_pointless_box, nicolae_zen_rock_garden, uniq_menkaure

Skill      XL: |  1  2  3  4  5  6  7  8 |
---------------+-------------------------+-----
Unarmed Combat | 5 6 7 |  7.7
Transmutations | 3 |  3.8
Fighting       | 1 2 3 |  3.1
Spellcasting   | 3 4 |  4.0
Dodging        | |  1.5

Action                   |  1- 3 |  4- 6 |  7- 9 || total
-------------------------+-------+-------+-------++-------
Melee: Unarmed           |    58 |   162 |    70 ||   290
       Headbutt          |     4 |       |       ||     4
       Bite              |    11 |    43 |    21 ||    75
       Kick              |     8 |       |       ||     8
       Punch             |     1 |     3 |     3 ||     7
 Cast: Beastly Appendage |    13 |       |       ||    13
Evoke: Wand              |       |       |     4 ||     4
  Use: Potion            |       |       |     2 ||     2
Armor: Leather armour    |    11 |     2 |       ||    13
       Plate armour      |       |    83 |    42 ||   125
Dodge: Dodged            |    35 |    53 |    28 ||   116
